 Dungeon Sprint DCSS version 0.31-a0-344-gd109795599 (webtiles) character file.

Game seed: 9616480707693153581

1333 Conn the Arsonist (level 8, -7/48 HPs)
             Began as an Octopode Fire Elementalist on July 22, 2023.
             Was a Believer of Sif Muna.
             Mangled by a two-headed ogre
             ... wielding a +0 giant club
              (23 damage)
             ... in the Dungeon (Sprint III: "The Ten Rune Challenge").
             The game lasted 00:05:28 (971 turns).

Conn the Arsonist (Octopode Fire Elementalist)       Turns: 971, Time: 00:05:29

Health: -7/48      AC:  1    Str:  6    XL:     8   Next: 61%
Magic:  22/22      EV: 14    Int: 19    God:    Sif Muna [**....]
Gold:   20         SH:  0    Dex: 12    Spells: 17/27 levels left

rFire   + +          .
                       - Unarmed
rCold   + . .        (no shield)
rNeg    . . .        (helmet restricted)
rPois   +            (no amulet)
rElec   +            (no ring)
rCorr   +            (no ring)
SInv    .            (no ring)
Will    .....        (no ring)
Stlth   ++++         (no ring)
HPRegen 0.28/turn    (no ring)
MPRegen 0.18/turn    (no ring)
                     (no ring)

%: no teleportation, random rage (3%)
@: resistant
A: almost no armour, amphibious, 8 rings, camouflage 1, gelatinous body 1,
(nimble swimmer 1), tentacles, berserk 1, fire resistance 1, weak 1
a: Renounce Religion, Channel Magic


You were in the Dungeon.
You worshipped Sif Muna.
Sif Muna was pleased with you.
You visited 1 branch You collected 20 gold pieces.

Inventory:

Wands
 g - a wand of flame (12)
Scrolls
 e - 2 scrolls of identify {unknown}
Potions
 a - 2 potions of magic
 b - 3 potions of mutation
 d - a potion of curing


   Skills:
 + Level 1.4 Fighting
 + Level 5.3 Dodging
 - Level 5.1 Stealth
 - Level 1.2 Unarmed Combat
 * Level 10.4 Spellcasting
 * Level 7.0 Conjurations
 + Level 3.1 Hexes
 + Level 11.6 Fire Magic


You had 17 spell levels left.
You knew the following spells:

 Your Spells              Type           Power      Damage    Failure   Level
a - Foxfire               Conj/Fire      100%       2x1d9     1%          1
b - Scorch                Fire           100%       2d9       1%          2
c - Inner Flame           Hex/Fire       37%        N/A       1%          3
d - Flame Wave            Conj/Fire      45%        2d12      1%          4

Your spell library contained the following spells:

 Spells                   Type           Power      Damage    Failure   Level
 Volatile Blastmotes      Fire/Tloc      62%        2d15      1%          3
 Apportation              Tloc           18%        N/A       7%          1
 Alistair's Intoxication  Tmut/Pois      6%         N/A       89%         5


Dungeon Overview and Level Annotations

Branches:
Dungeon (1/1)

Altars:
Dithmenos
Elyvilon
Kikubaaqudgha
Okawaru
Ru
Sif Muna
Trog
Uskayaw
Vehumet
Wu Jian
Yredelemnul
Zin
The Shining One


Innate Abilities, Weirdness & Mutations

You cannot wear most types of armour.
You are amphibious.
You can wear up to eight rings at the same time.
Your skin changes colour to match your surroundings (Stealth+).
Your rubbery body absorbs attacks. (AC +1, EV +1)
((You are camouflaged when in or above water. (Stealth+)))
You have tentacles for arms and can constrict up to eight enemies at once.
You sometimes lose your temper in combat.
Your flesh is heat resistant. (rF+)
You are weak. (Str -2)


Message History

Your Conjurations skill increases to level 7!
Your Hexes skill increases to level 3!
Unknown command.
Your foxfire dissipates!
You start resting.
HP restored.
You start resting.
Magic restored.
Things that are here:
a +0 giant spiked club; a +0 giant club
Things that are here:
a +0 giant spiked club; a +0 dire flail
Things that are here:
a +0 giant spiked club; a +0 giant club
There is an open door to the Ecumenical Temple, spattered with blood here.
You see here a +0 hand axe.
There is a fountain of clear blue water here.
You see here a +0 long sword of holy wrath.
There is an open door here.
There is an open door here.
A two-headed ogre comes into view. It is wielding two +0 giant clubs.
The two-headed ogre shouts in stereo!
The two-headed ogre hits you with a +0 giant club!!
The two-headed ogre closely misses you.
Okay, then.
Okay, then.
Unknown command.
Okay, then.
Okay, then.
It was a potion of resistance.
You feel protected.
The two-headed ogre barely misses you. x2
The air fills with toxic fumes!
As you read the scroll labelled XANODUU YMOEP, it crumbles to dust.
It was a scroll of poison.
As you read the scroll labelled DATHOG SAIRAR, it crumbles to dust.
Your body is wracked with pain!
The two-headed ogre convulses!
It was a scroll of torment.
The two-headed ogre hits you with a +0 giant club!!
You die...

__.#÷_# '###'##
......# ......#
#####'#
#...#+###########
#...#....#.#.#§§
#...##.#..#.##O#
#...'##.#.#.##@#
+...#...#..#§§##
▓▓▓▓▓▓▓▓▓▓▓▓▓▓▓


You could see a two-headed ogre.

Vanquished Creatures
  A deep elf pyromancer (D)
  A shadow (D)
  3 two-headed ogres (D)
  A water elemental (D)
  A necrophage (D)
  A scorpion (D)
  A jelly (D)
  A wizard (D)
  A necromancer (D)
  A kobold demonologist (D)
  3 humans (D)
  An endoplasm (D)
  3 rats (D)
19 creatures vanquished.

Vanquished Creatures (others)
  18 foxfires (D)
18 creatures vanquished.

Grand Total: 37 creatures vanquished

Notes
Turn   | Place    | Note
-------+----------+-------------------------------------------
     0 | D        | Conn the Octopode Fire Elementalist began the quest for the
                  | Orb.
     0 | D        | Reached XP level 1. HP: 11/11 MP: 3/3
   112 | D        | Noticed a scorpion
   121 | D        | Killed a scorpion
   122 | D        | Reached skill level 6 in Fire Magic
   122 | D        | Reached XP level 2. HP: 7/17 MP: 2/6
   122 | D        | Reached XP level 3. HP: 9/21 MP: 2/8
   122 | D        | Reached XP level 4. HP: 11/27 MP: 2/9
   167 | D        | Learned a level 2 spell: Scorch
   171 | D        | Learned a level 3 spell: Inner Flame
   176 | D        | Learned a level 4 spell: Flame Wave
   300 | D        | Gained mutation: Your body sometimes deteriorates upon
                  | taking damage. [potion of mutation]
   300 | D        | Gained mutation: You do not regenerate when monsters are
                  | visible. [potion of mutation]
   300 | D        | Gained mutation: Your flesh is heat resistant. (rF+)
                  | [potion of mutation]
   300 | D        | Gained mutation: A frigid envelope surrounds you and
                  | freezes all who hurt you. [potion of mutation]
   301 | D        | Lost mutation: A frigid envelope surrounds you and freezes
                  | all who hurt you. [potion of mutation]
   301 | D        | Lost mutation: You do not regenerate when monsters are
                  | visible. [potion of mutation]
   301 | D        | Lost mutation: Your body sometimes deteriorates upon taking
                  | damage. [potion of mutation]
   301 | D        | Gained mutation: You sometimes lose your temper in combat.
                  | [potion of mutation]
   301 | D        | Gained mutation: You are weak. (Str -2) [potion of
                  | mutation]
   306 | D        | Noticed a water elemental
   309 | D        | Killed a water elemental
   310 | D        | Reached skill level 5 in Stealth
   310 | D        | Reached skill level 1 in Unarmed Combat
   310 | D        | Reached skill level 7 in Fire Magic
   310 | D        | Reached XP level 5. HP: 31/31 MP: 2/11
   384 | D        | Noticed a deep elf pyromancer
   384 | D        | Noticed a human
   385 | D        | Noticed a human
   386 | D        | Noticed a fire elemental
   386 | D        | Noticed a fire elemental
   388 | D        | Noticed a fire elemental
   395 | D        | Killed a deep elf pyromancer
   395 | D        | Killed a human
   395 | D        | Killed a human
   396 | D        | Reached skill level 5 in Dodging
   396 | D        | Reached skill level 10 in Fire Magic
   396 | D        | Reached XP level 6. HP: 22/37 MP: 3/18
   396 | D        | Reached XP level 7. HP: 25/42 MP: 3/19
   525 | D        | Found a glowing silver altar of Zin.
   525 | D        | Found an ornate altar of the Wu Jian Council.
   526 | D        | Found a hide-covered altar of Uskayaw.
   526 | D        | Found a bloodstained altar of Trog.
   528 | D        | Found a glowing golden altar of the Shining One.
   528 | D        | Found an iron altar of Okawaru.
   530 | D        | Found a white marble altar of Elyvilon.
   542 | D        | Found a radiant altar of Vehumet.
   543 | D        | Found a shimmering blue altar of Sif Muna.
   543 | D        | Found an ancient bone altar of Kikubaaqudgha.
   549 | D        | Reached skill level 11 in Fire Magic
   549 | D        | Reached XP level 8. HP: 43/47 MP: 11/21
   555 | D        | Became a worshipper of Sif Muna the Loreminder
   610 | D        | Found a basalt altar of Yredelemnul.
   610 | D        | Found a shadowy altar of Dithmenos.
   610 | D        | Found a sacrificial altar of Ru.
   614 | D        | Reached skill level 1 in Fighting
   687 | D        | Reached * piety under Sif Muna
   691 | D        | Noticed a shadow
   696 | D        | Killed a shadow
   804 | D        | Reached ** piety under Sif Muna
   805 | D        | Reached skill level 10 in Spellcasting
   967 | D        | Noticed a two-headed ogre
   971 | D        | Mangled by a two-headed ogre

Illustrated notes

Levels and vault maps discovered:
D:        dungeon_sprint_mu [sprint_mu_entry_cave, sprint_mu_temple_rooms,
          sprint_mu_d1_spiders, sprint_mu_d2_genie, sprint_mu_d3_branching,
          sprint_mu_orc_legion, sprint_mu_elf_gauntlet, sprint_mu_hive_nellie,
          sprint_mu_lair_fedhas, sprint_mu_vaults_butterflies,
          sprint_mu_slime_circle, sprint_mu_shoals_archi,
          sprint_mu_snake_twists, sprint_mu_blade_basic, sprint_mu_crypt_lich,
          sprint_mu_tomb_spiral, sprint_mu_vestibule_basic,
          sprint_mu_gehenna_hellfire, sprint_mu_dis_giant,
          sprint_mu_tartarus_statrot, sprint_mu_cocytus_islands, sprint_mu_zot1]

Skill      XL: |  1  2  3  4  5  6  7  8 |
---------------+-------------------------+-----
Dodging        | 3 5 |  5.3
Stealth        | 4 5 |  5.1
Spellcasting   | 3 4 9 10 | 10.4
Conjurations   | 2 6 7 |  7.0
Fire Magic     | 6 7 10 11 | 11.6
Unarmed Combat | 1 |  1.2
Hexes          | 2 3 |  3.1
Fighting       | 1 |  1.4

Action                     |  1- 3 |  4- 6 |  7- 9 || total
---------------------------+-------+-------+-------++-------
  Melee: Unarmed           |     5 |     4 |     2 ||    11
         Tentacles         |     1 |     2 |       ||     3
         Constrict         |       |     1 |     1 ||     2
   Cast: Foxfire           |     6 |       |     6 ||    12
         Flame Wave        |       |     3 |     4 ||     7
         Scorch            |       |     1 |     6 ||     7
         Inner Flame       |       |     2 |     6 ||     8
    Use: Potion            |     2 |     6 |     1 ||     9
         Scroll            |     1 |       |     3 ||     4
   Stab: Sleeping          |       |       |     1 ||     1
 Armour: Skin              |     1 |     4 |       ||     5
  Dodge: Dodged            |     3 |     7 |    10 ||    20

Table legend: (Time is in decaauts)
 A = Elapsed time spent in this place.
 B = Non-inter-level travel time spent in this place.
 C = Inter-level travel time spent in this place.
 D = Time resting spent in this place.
 E = Time spent auto-exploring this place.
 F = Levels seen in this place.
 G = Mean time per level.
                   A        B        C        D        E       F      G
               +--------+--------+--------+--------+--------+-----+--------+
         Total |    963 |    963 |      0 |    533 |    158 |   1 |  963.0 |
       Dungeon |    963 |    963 |      0 |    533 |    158 |   1 |  963.0 |
               +--------+--------+--------+--------+--------+-----+--------+

Top non-repeatable levels by time:
       D: 963 daAuts
